 Dungeon Crawl Stone Soup version 0.21-a0-251-g5e8393f (webtiles) character file.

471397 qqqbard the Shatterer (level 24, -20/156 HPs)
             Began as a Gargoyle Fighter on Sept 1, 2017.
             Was an Elder of the Shining One.
             Killed by the air
             ... invoked by a titan
              (34 damage)
             ... on level 5 of the Vaults on Sept 5, 2017.
             The game lasted 02:17:24 (53943 turns).

qqqbard the Shatterer (Gargoyle Fighter)           Turns: 53943, Time: 02:17:25

Health: -20/156    AC: 48    Str: 31      XL:     24   Next: 68%
Magic:  2/31       EV: 21    Int:  9      God:    the Shining One [****..]
Gold:   4131       SH: 23    Dex: 18 (19) Spells: 23/23 levels left

rFire    + . .     SeeInvis .   j - +9 sacred scourge (holy)
rCold    . . .     Gourm    .   c - +0 shield {reflect}
rNeg     + + +     Faith    .   X - +3 plate armour
rPois    ∞         Spirit   .   h - +1 helmet
rElec    +         Reflect  +   e - +1 cloak {rF+}
rCorr    .         Harm     .   x - +0 pair of gloves
MR       +....                  Y - +1 pair of boots
Stlth    ..........             M - brooch of Shielding {Reflect SH+8}
HPRegen  0.00/turn              m - ring of Mihyguwe {+Blink rElec rC- rN++ Dex+6}
MPRegen  0.22/turn              P - ring "Nicon" {rElec rC+ EV+3 Str+3}

@: flying, slowed, glowing, studying Shields, very slow
A: big wings, blurry vision 1, deterioration 1, low mp 1, negative energy
resistance 1, screaming 1, electricity resistance, inhibited regeneration,
unbreathing, petrification resistance, no potion heal 1, rot immunity, AC +17
}: 2/15 runes: barnacled, gossamer
a: Stop Flying, Divine Shield, Cleansing Flame, Renounce Religion, Evoke Blink


You were on level 5 of the Vaults.
You worshipped the Shining One.
The Shining One was greatly pleased with you.
You were not hungry.

You visited 8 branches of the dungeon, and saw 40 of its levels.
You visited the Abyss 1 time.
You visited 1 bazaar.
You also visited: Sewer, Ice Cave and Volcano.

You collected 4834 gold pieces.
You spent 703 gold pieces at shops.

Inventory:

Hand Weapons
 j - a +9 sacred scourge of holy wrath (weapon)
 K - the +8 whip "Snakebite" {curare, rPois}
   (You found it on level 2 of the Lair of Beasts)

   It poisons the flesh of those it strikes.
   It protects you from poison.
 N - the +7 great mace "Undeadhunter" {disrupt, rN+}
   (You found it on level 13 of the Dungeon)

   It protects you from negative energy.
Armour
 c - a +0 shield of reflection (worn)
 e - a +1 cloak of fire resistance (worn)
 h - a +1 helmet (worn)
 x - a +0 pair of gloves (worn)
 X - a +3 plate armour (worn)
 Y - a +1 pair of boots (worn)
Jewellery
 i - an uncursed ring of protection from fire
 m - the ring of Mihyguwe (left hand) {+Blink rElec rC- rN++ Dex+6}
   (You took it off a deep elf sorcerer on level 3 of the Elven Halls)

   [ring of dexterity]

   It affects your dexterity (+6).
   It makes you vulnerable to cold.
   It insulates you from electricity.
   It greatly protects you from negative energy.
   It lets you blink.
 u - a +5 ring of strength
 J - an uncursed ring of resist corrosion
 M - the brooch of Shielding (around neck) {Reflect SH+8}
   (You took it off a deep elf mage on level 3 of the Elven Halls)

   [amulet of reflection]

   It shields you and reflects attacks.
   It affects your SH (+8).
 P - the ring "Nicon" (right hand) {rElec rC+ EV+3 Str+3}
   (You found it on level 4 of the Shoals)

   [ring of evasion]

   It affects your evasion (+3).
   It affects your strength (+3).
   It protects you from cold.
   It insulates you from electricity.
Wands
 w - a wand of lightning (12/15)
 C - a wand of lightning (10/15)
 F - a wand of disintegration (7/24)
 H - a wand of digging (7/24)
 S - a wand of acid (6/15)
 V - a wand of iceblast (7/15)
 W - a wand of digging (14/24)
 Z - a wand of iceblast (7/15)
Scrolls
 k - 12 scrolls of enchant armour
 l - 15 scrolls of remove curse
 n - 22 scrolls of teleportation
 o - a scroll of fear
 q - 9 scrolls of recharging
 v - 2 scrolls of brand weapon
 y - 11 scrolls of blinking
 A - 4 scrolls of fog
 D - 5 scrolls of holy word
 U - a scroll of enchant weapon
Potions
 b - 8 potions of agility
 d - 3 potions of might
 r - 10 potions of curing
 z - 7 potions of lignification
 B - 8 potions of brilliance
 Q - 2 potions of haste
 T - 2 potions of magic
Books
 a - a manual of Shields
 G - the Almanac of Congealing Earth
   (You found it on level 3 of the Elven Halls)

   Spells                             Type                      Level
   a - Throw Frost                    Conjuration/Ice              2
   b - Passwall                       Transmutation/Earth          2
   c - Ice Form                       Ice/Transmutation            4
   d - Iron Shot                      Conjuration/Earth            6
Miscellaneous
 g - a lamp of fire
 s - 2 phantom mirrors
 t - a phial of floods (inert)
 I - a box of beasts
 L - a fan of gales
Comestibles
 f - 19 bread rations
 p - 30 royal jellies
 E - 25 fruits


   Skills:
 + Level 17.2 Fighting
 * Level 21.4 Maces & Flails
 + Level 17.3 Armour
 + Level 13.6 Dodging
 + Level 14.1 Shields
 + Level 16.7 Invocations
 + Level 14.2 Evocations


You had 23 spell levels left.
You didn't know any spells.

Dungeon Overview and Level Annotations

Branches:
Dungeon (15/15)            Temple (1/1) D:7            Lair (6/6) D:8
 Shoals (4/4) Lair:2       Spider (4/4) Lair:3        Slime (0/5) Lair:6
    Orc (2/2) D:10            Elf (3/3) Orc:2        Vaults (5/5) D:14
  Crypt (0/3) Vaults:2     Depths (0/5) D:15

Altars:
Ashenzari
Cheibriados
Dithmenos
Elyvilon
Fedhas
Gozag
Hepliaklqana
Kikubaaqudgha
Makhleb
Nemelex Xobeh
Okawaru
Qazlal
Ru
Sif Muna
Trog
Uskayaw
Vehumet
Wu Jian
Xom
Yredelemnul
Zin
The Shining One
Beogh
Jiyva

Shops:
D:5 :   D:6 !   Orc:2 [!*[(:   Elf:1 *(=   Shoals:3 *   Vaults:1 (   Vaults:2 :
Vaults:3 *   Vaults:4 **[

Portals:
Trove: D:12 (show abyssal rune of Zot)

Annotations:
Lair:6 1 runed door


Innate Abilities, Weirdness & Mutations

You are resistant to torment.
Your stone body is resilient. (AC +17)
You are immune to poison.
Your large and strong wings let you fly indefinitely.
You resist negative energy. (rN+)
You are resistant to electric shocks. (rElec)
You can survive without breathing.
You are immune to petrification.
You are immune to rotting.
Scrolls take you a little longer to read.
Your body sometimes deteriorates upon taking damage.
Your magical capacity is low. (-10% MP)
You occasionally shout uncontrollably at your foes.
You do not regenerate when monsters are visible.
Potions are less effective at restoring your health.


Message History

You block the deep elf sorcerer's attack.
You block the titan's attack.
The war gargoyle launches metal splinters at you.
The spray of metal splinters hits you!
* * * LOW HITPOINT WARNING * * *
Unknown command.
Your system partially rejects the healing.
You feel better.
You block the deep elf sorcerer's attack.
You block the war gargoyle's attack. The deep elf sorcerer misses you.
The titan hits you but does no damage. You block the war gargoyle's attack.
You don't have enough magic at the moment.
You shout at the fire giant!
A fire giant comes into view.
It is wielding a great sword of flaming.
The fire giant shouts!
You block the deep elf sorcerer's attack.
The vault sentinel blows a loud note on a signal horn!
The titan waves its arms in wide circles.
The air twists around and violently strikes you in flight!
You die...

....... .....#
###....##
.'..... ##....#
..###.....##
..C........####
#@C9....###....#
##e..##..##....#
##H## #.##....#
#.####.##....#
#Dp##.)##....# .
##GC(...#....#..
####)(.H...(...
######(.......#
........[[<<....


You could see 2 titans, a fire giant, a sphinx, a deep elf sorcerer, a glowing
orange brain, a war gargoyle and a vault sentinel.

Vanquished Creatures
  3 bone dragons
  A golden dragon (Vaults:5)
  2 profane servitors (Abyss:4)
  Nikola (Shoals:4)
  A hellephant (Abyss:5)
  2 tentacled monstrosities
  2 deep elf blademasters (Elf:3)
  The ghost of fooot the Markscentaur, an adept CeHu of Okawaru (Spider:3)
  2 krakens
  An Executioner (Abyss:4)
  9 tentacled starspawn
  Kirke (Elf:1)
  Agnes (Elf:1)
  A tengu reaver (Vaults:5)
  2 revenants
  Donald (Spider:3)
  A storm dragon (Vaults:5)
  Ilsuiw (Shoals:4)
  Louise (Shoals:4)
  3 fire giants
  3 vault wardens
  A cacodemon (Abyss:5)
  6 deep elf sorcerers
  A ghost moth (shapeshifter) (Vaults:5)
  An orc warlord (Orc:2)
  Aizul (Elf:2)
  4 emperor scorpions
  An angel (Abyss:5)
  A balrug (Abyss:4)
  2 deep elf elementalists (Elf:3)
  3 ghost moths (Spider:4)
  2 ghouls
  8 ironheart preservers
  A reaper (Abyss:4)
  2 war gargoyles (Vaults:5)
  3 stone giants
  Azrael (Spider:3)
  8 entropy weavers
  9 very ugly things
  An ophan (Abyss:4)
  3 deep elf demonologists
  10 deep elf annihilators
  A red draconian (Abyss:4)
  2 lorocyprocas
  3 spark wasps
  An eidolon (Abyss:4)
  A fire dragon (Vaults:3)
  6 merfolk javelineers (Shoals:4)
  3 ettins
  A blizzard demon (Abyss:4)
  2 deep elf death magi
  11 merfolk impalers
  4 great orbs of eyes
  2 green deaths (Abyss:4)
  Josephine (D:12)
  A deep elf high priest (Elf:3)
  26 vault guards
  2 rakshasas (Abyss:4)
  10 yaktaur captains
  Fannar (Orc:1)
  6 hydras
  A catoblepas (Lair:6)
  A ghost crab (Abyss:5)
  Erica (D:11)
  5 merfolk aquamancers
  3 merfolk avatars
  2 death knights
  26 two-headed ogres
  5 centaur warriors
  An alligator snapping turtle (Shoals:2)
  6 hell hogs (Abyss:5)
  29 dancing weapons
  2 deep troll shamans
  4 tengu warriors
  9 death yaks (Lair:6)
  2 satyrs (Shoals:4)
  7 deep troll earth magi
  3 orc high priests (Orc:2)
  8 ogre magi
  43 large abominations
  23 thrashing horrors
  21 deep elf knights
  Nergalle (Lair:2)
  3 sun demons
  16 wretched stars
  A shadow wraith (Abyss:4)
  2 sixfirhies
  A skeletal warrior (Vaults:2)
  2 spatial maelstroms (Abyss:4)
  2 glowing orange brains (Abyss:4)
  6 unseen horrors
  20 deep trolls
  2 flayed ghosts
  7 sea snakes
  2 necromancers
  A harpy (shapeshifter) (Vaults:1)
  7 ironbrand convokers
  4 wizards
  15 orc knights
  11 deep elf archers
  6 harpies
  39 ugly things
  41 wolf spiders
  18 orb spiders
  An oklob plant (Lair:5)
  5 orc sorcerers
  A lindwurm (Lair:4)
  15 fauns
  A human zombie (Vaults:4)
  12 cyclopes
  A frost giant zombie (Vaults:4)
  A moth of wrath (Spider:3)
  17 manticores
  3 worldbinders
  64 deep elf magi
  8 centaur zombies
  A frost giant skeleton (Abyss:4)
  A dire elephant zombie (Abyss:4)
  2 ice statues (IceCv)
  34 elephants
  A rust devil (Abyss:4)
  A guardian serpent (Abyss:4)
  Maurice (D:9)
  11 vault sentinels
  11 merfolk sirens
  5 apocalypse crabs
  Joseph (D:7)
  10 smoke demons
  2 black mambas
  6 centaur skeletons
  A molten gargoyle (Volcano)
  A naga mage (D:15)
  3 gargoyles
  7 water nymphs
  4 orange demons
  3 freezing wraiths
  12 spiny frogs
  A tormentor (Abyss:4)
  16 yaktaurs
  25 demonic crawlers
  2 kobold demonologists
  A rime drake (Lair:6)
  A komodo dragon (D:12)
  A rime drake (shapeshifter) (Vaults:1)
  4 efreet
  9 ancient zymes
  A hellwing (Abyss:4)
  4 red devils
  A queen bee (shapeshifter) (Vaults:2)
  39 jumping spiders
  2 tengu conjurers (D:15)
  30 merfolk
  10 trolls
  10 hornets
  3 polar bears
  A wolf spider simulacrum (D:15)
  A meliai (shapeshifter) (Vaults:3)
  6 wind drakes
  A harpy skeleton (D:15)
  26 raiju
  22 blink frogs
  10 dream sheep
  A hippogriff (shapeshifter) (Vaults:1)
  2 fire giant simulacra
  A stone giant simulacrum (Abyss:4)
  8 slime creatures
  A frost giant simulacrum (Vaults:2)
  9 hippogriffs
  6 snapping turtles
  A centaur simulacrum (D:15)
  95 redbacks
  A shadow (D:15)
  6 ynoxinuls
  29 tarantellas
  A tarantella (shapeshifter) (Vaults:4)
  4 air elementals
  A wyvern (Lair:1)
  39 yaks
  6 fire bats (Volcano)
  2 vampires
  18 water elementals
  3 basilisks
  7 wraiths
  6 fire elementals
  A fire bat (shapeshifter) (Vaults:4)
  A basilisk (shapeshifter) (Vaults:3)
  5 chaos spawn
  8 wargs
  A hungry ghost (D:15)
  6 neqoxecs
  A spatial vortex (Abyss:4)
  A steam dragon (Lair:4)
  20 small abominations
  2 vampire mosquitoes (D:15)
  10 hell hounds
  An acid dragon (D:13)
  2 soldier ants (D:12)
  11 water moccasins
  13 porcupines
  2 eyes of draining
  4 sky beasts
  2 hornet zombies
  3 eyes of draining (shapeshifter)
  19 ice beasts
  48 orc warriors
  3 phantoms
  7 necrophages
  6 black bears
  An ettin simulacrum (Vaults:4)
  28 ogres
  19 centaurs
  A fire dragon simulacrum (Abyss:4)
  14 wolves
  2 boggarts
  11 crocodiles
  A big kobold (shapeshifter) (D:12)
  9 big kobolds
  A gnoll sergeant (D:7)
  18 bullfrogs
  3 earth elementals
  2 scorpions
  7 killer bees
  A human simulacrum (Vaults:2)
  4 vampire bats (Lair:2)
  22 wights
  4 electric eels
  2 howler monkeys
  6 crimson imps
  14 lava snakes
  2 bullfrog zombies
  2 quasits
  10 hounds
  45 starcursed masses
  5 jellies
  20 orc priests
  3 bullfrog skeletons
  31 orc wizards
  Natasha (twice) (D:3)
  6 iguanas
  12 worker ants
  2 killer bee zombies
  2 hound skeletons
  2 mummies (D:10)
  Robin (D:3)
  18 gnolls
  A worker ant zombie (D:10)
  16 adders
  4 river rats
  3 shadow imps
  3 white imps
  2 ufetubi (Abyss:4)
  An ooze (D:1)
  An adder zombie (D:7)
  An adder skeleton (D:7)
  4 worms
  2 dart slugs
  8 leopard geckos
  126 orcs
  A ball python (D:3)
  17 bats
  8 giant cockroaches
  22 goblins
  6 hobgoblins
  19 jackals
  30 kobolds
  10 quokkas
  2 frilled lizards
  A jackal skeleton (D:9)
  11 rats
  A crawling corpse (Vaults:3)
  2 lurking horrors
  3 plants (Shoals:4)
  A starspawn tentacle (Abyss:5)
  5 tentacles
2144 creatures vanquished.

Vanquished Creatures (collateral kills)
  Mennas (Vaults:2)
  Boris (Vaults:2)
  A tentacled monstrosity (Abyss:5)
  Asterion (Vaults:1)
  2 deep elf master archers (Elf:3)
  2 vault wardens (Vaults:2)
  3 deep elf sorcerers
  A ghost moth (Abyss:4)
  2 deep elf elementalists (Elf:3)
  3 ironheart preservers
  A stone giant (Vaults:3)
  A war gargoyle (Vaults:4)
  4 deep elf demonologists
  3 deep elf death magi
  2 ogre magi (Vaults:1)
  A yaktaur captain (Vaults:2)
  A rakshasa (Abyss:4)
  3 vault guards (Vaults:2)
  A death knight (Vaults:3)
  2 two-headed ogres (Vaults:1)
  A centaur warrior (Vaults:3)
  A thrashing horror (Abyss:4)
  4 large abominations
  2 deep elf archers
  3 ironbrand convokers
  A shambling mangrove (Abyss:5)
  2 orc knights
  A wizard (Vaults:3)
  A wolf spider (Vaults:2)
  A phantasmal warrior (Vaults:5)
  A deep elf mage (Vaults:3)
  A cyclops (Vaults:1)
  3 apocalypse crabs
  4 vault sentinels
  2 smoke demons (Abyss:4)
  A rime drake (shapeshifter) (Abyss:4)
  2 freezing wraiths
  A yaktaur (Vaults:3)
  5 raiju
  2 slime creatures (Vaults:1)
  A wraith (Vaults:3)
  A naga (Abyss:4)
  2 orc warriors (Vaults:1)
  A spiny frog skeleton (Abyss:5)
  2 ogres (Vaults:1)
  2 boggarts (Vaults:1)
  A centaur (D:14)
  A small abomination (Abyss:5)
  A big kobold (D:14)
  A quasit (Abyss:4)
  An orc wizard (Vaults:1)
  An orc priest (Vaults:1)
  An ufetubus (Abyss:4)
  3 orcs
  A crawling corpse (Vaults:3)
  A starspawn tentacle (Abyss:5)
96 creatures vanquished.

Vanquished Creatures (others)
  A kraken (Abyss:5)
  An ironheart preserver (Vaults:2)
  A stone giant (Vaults:5)
  A fire crab (Abyss:5)
  A deep elf mage (Elf:2)
  A slime creature (Vaults:1)
  A jumping spider (Spider:3)
  2 redbacks (Spider:3)
  3 humans (Elf:1)
  A water moccasin (Lair:3)
  An eye of draining (Abyss:5)
  A big kobold (shapeshifter) (Vaults:5)
  A small abomination (Abyss:4)
  A bullfrog (Lair:3)
  An orc wizard (D:14)
  A bat (D:2)
  A kobold (D:10)
  5 fungi
  2 lurking horrors (Abyss:4)
  9 plants (Shoals:4)
  16 starspawn tentacles
  25 tentacles
77 creatures vanquished.

Grand Total: 2317 creatures vanquished

Notes
Turn   | Place    | Note
-------+----------+-------------------------------------------
     0 | D:1      | qqqbard the Gargoyle Fighter began the quest for the Orb.
     0 | D:1      | Reached XP level 1. HP: 14/14 MP: 1/1
    69 | D:1      | Reached XP level 2. HP: 13/19 MP: 2/2
   139 | D:1      | Reached skill level 1 in Dodging
   139 | D:1      | Reached XP level 3. HP: 13/23 MP: 3/3
  1000 | D:2      | Reached XP level 4. HP: 28/28 MP: 4/4
  1376 | D:3      | Noticed Robin
  1400 | D:3      | Killed Robin
  1439 | D:3      | Found a glowing drain.
  1453 | D:3      | Reached skill level 3 in Maces & Flails
  1474 | Sewer    | Entered a sewer
  1481 | Sewer    | Reached XP level 5. HP: 31/33 MP: 5/5
  1542 | Sewer    | Noticed a big kobold
  1568 | Sewer    | Killed a big kobold
  1606 | Sewer    | Found a white marble altar of Elyvilon.
  1674 | Sewer    | Became a worshipper of Elyvilon the Healer
  1771 | D:3      | Reached XP level 6. HP: 31/38 MP: 6/6
  1778 | D:3      | Reached skill level 1 in Invocations
  2143 | D:3      | Noticed Natasha
  2156 | D:3      | Killed Natasha
  2502 | D:3      | Noticed Natasha
  2504 | D:3      | Killed Natasha
  2504 | D:3      | Reached skill level 4 in Maces & Flails
  2621 | D:4      | Reached skill level 1 in Evocations
  2699 | D:4      | Reached XP level 7. HP: 21/43 MP: 8/8
  3505 | D:4      | Reached * piety under Elyvilon
  3758 | D:5      | Entered Level 5 of the Dungeon
  3777 | D:5      | Reached skill level 5 in Maces & Flails
  3802 | D:5      | Reached XP level 8. HP: 29/48 MP: 9/9
  3936 | D:5      | Found Ismeol's Book Shoppe.
  3975 | D:5      | Found a glowing golden altar of the Shining One.
  3996 | D:5      | Fell from the grace of Elyvilon
  3996 | D:5      | Became a worshipper of the Shining One
  4102 | D:5      | Reached skill level 5 in Fighting
  4549 | D:6      | Reached skill level 5 in Shields
  4716 | D:6      | Reached skill level 5 in Armour
  5278 | D:6      | Found Liuran's Distillery.
  5280 | D:6      | Reached * piety under the Shining One
  5299 | D:6      | Bought a potion of degeneration for 14 gold pieces
  5334 | D:6      | Reached skill level 6 in Maces & Flails
  5408 | D:7      | Reached XP level 9. HP: 38/54 MP: 11/11
  5524 | D:7      | Noticed Joseph
  5544 | D:7      | Killed Joseph
  5559 | D:7      | Found a staircase to the Ecumenical Temple.
  5572 | Temple   | Entered the Ecumenical Temple
  5980 | D:7      | Reached skill level 7 in Maces & Flails
  6360 | D:8      | Reached ** piety under the Shining One
  6409 | D:8      | Reached skill level 5 in Invocations
  6409 | D:8      | Reached XP level 10. HP: 60/61 MP: 13/13
  6748 | D:8      | Got a twisted ring mail
  6759 | D:8      | Identified the +1 ring mail of Rylixor {rCorr Str+2} (You found it on level 8 of the Dungeon)
  6807 | D:8      | Found a staircase to the Lair.
  7378 | D:9      | Noticed Maurice
  7419 | D:9      | Reached skill level 8 in Maces & Flails
  7442 | D:9      | Killed Maurice
  7933 | D:10     | Entered Level 10 of the Dungeon
  7949 | D:10     | Noticed an unseen horror
  7963 | D:10     | Killed an unseen horror
  8082 | D:10     | Reached XP level 11. HP: 62/67 MP: 15/15
  8085 | D:10     | Reached *** piety under the Shining One
  8097 | D:10     | Noticed a two-headed ogre
  8110 | D:10     | Killed a two-headed ogre
  8110 | D:10     | Reached skill level 5 in Dodging
  8349 | D:10     | Reached skill level 9 in Maces & Flails
  8677 | D:10     | Noticed an orc knight
  8710 | D:10     | Killed an orc knight
  8740 | D:10     | HP: 1/68 [orc warrior/flail of protection (12)]
  8777 | D:10     | Reached **** piety under the Shining One
  8826 | D:10     | Found a roughly hewn altar of Beogh.
  8827 | D:10     | Found a staircase to the Orcish Mines.
  8885 | D:10     | Reached skill level 5 in Evocations
  9492 | D:11     | Noticed Erica
  9504 | D:11     | Killed Erica
  9562 | D:11     | Noticed a two-headed ogre
  9585 | D:11     | Killed a two-headed ogre
  9649 | D:11     | Noticed a purple ugly thing
  9659 | D:11     | Killed a purple ugly thing
  9721 | D:11     | Noticed a green ugly thing
  9730 | D:11     | Killed a green ugly thing
  9730 | D:11     | Reached XP level 12. HP: 72/75 MP: 17/17
  9806 | D:11     | Noticed a two-headed ogre
  9816 | D:11     | Killed a two-headed ogre
  9816 | D:11     | Reached skill level 10 in Maces & Flails
 10218 | D:12     | Noticed a tengu warrior
 10235 | D:12     | Killed a tengu warrior
 10551 | D:12     | Noticed a yaktaur captain
 10574 | D:12     | Killed a yaktaur captain
 10707 | D:12     | Reached ***** piety under the Shining One
 10759 | D:12     | Got a shimmering garnet amulet
 10766 | D:12     | Noticed a two-headed ogre
 10778 | D:12     | Noticed a two-headed ogre
 10781 | D:12     | Noticed Josephine
 10784 | D:12     | Killed a two-headed ogre
 10789 | D:12     | Noticed a tengu warrior
 10791 | D:12     | Killed a two-headed ogre
 10809 | D:12     | Noticed a two-headed ogre
 10809 | D:12     | Killed Josephine
 10809 | D:12     | Reached skill level 11 in Maces & Flails
 10814 | D:12     | Noticed a soul eater
 10823 | D:12     | Killed a tengu warrior
 10823 | D:12     | Reached XP level 13. HP: 62/80 MP: 9/19
 11998 | D:12     | Found a portal to a secret trove of treasure.
 12629 | D:13     | Got a translucent brass ring
 13376 | D:13     | Reached skill level 10 in Fighting
 13503 | D:13     | Found a bloodstained altar of Trog.
 13606 | D:13     | Reached skill level 12 in Maces & Flails
 13627 | D:13     | Identified the amulet of Vintenod {Faith rN+ Dex+4} (You took it off a wight on level 12 of the Dungeon)
 13629 | D:13     | Identified the ring "Xaduacvou" {rPois Str+4 SInv} (You found it on level 13 of the Dungeon)
 13680 | D:13     | Found the +7 great mace "Undeadhunter" {disrupt, rN+}
 14128 | D:14     | Gained mutation: Your large and strong wings let you fly indefinitely. [Gargoyle growth]
 14128 | D:14     | Reached XP level 14. HP: 87/88 MP: 20/20
 14194 | D:14     | Reached skill level 10 in Armour
 14197 | D:14     | HP: 4/88 [two-headed ogre/giant spiked club (7)]
 14212 | D:14     | Was placed under penance by the Shining One
 14835 | D:14     | Reached skill level 10 in Shields
 14974 | D:14     | Found a gate to the Vaults.
 15158 | D:14     | Found a deep blue altar of Sif Muna.
 15416 | D:15     | Entered Level 15 of the Dungeon
 15619 | D:15     | Was forgiven by the Shining One
 15688 | D:15     | HP: 1/88 [wolf spider simulacrum[a necromancer] (13)]
 15883 | D:15     | Found a staircase to the Depths.
 16340 | D:15     | Reached skill level 13 in Maces & Flails
 16756 | Lair:1   | Entered Level 1 of the Lair of Beasts
 17772 | Lair:2   | Noticed Nergalle
 17780 | Lair:2   | Killed Nergalle
 17784 | Lair:2   | Reached XP level 15. HP: 84/93 MP: 22/22
 17867 | Lair:2   | Found a staircase to the Shoals.
 17919 | Lair:2   | Reached skill level 10 in Invocations
 18173 | Lair:2   | Found the +8 whip "Snakebite" {curare, rPois}
 18440 | Lair:3   | Reached ****** piety under the Shining One
 18507 | Lair:3   | Found a hole to the Spider Nest.
 19415 | Lair:4   | Found a dark tunnel.
 19424 | Volcano  | Entered a volcano
 19802 | Volcano  | Found a radiant altar of Vehumet.
 20117 | Lair:4   | You are sucked into a shaft for 2 floors!
 20117 | Lair:6   | Entered Level 6 of the Lair of Beasts
 20117 | Lair:6   | Found a runed door.
 20117 | Lair:6   | Found a viscous altar of Jiyva.
 20118 | Lair:6   | Found a staircase to the Slime Pits.
 20313 | Lair:6   | Reached skill level 14 in Maces & Flails
 20825 | Lair:6   | Reached XP level 16. HP: 33/101 MP: 24/24
 21102 | Lair:6   | Identified the Reference Book on Transmutation
 21105 | Lair:6   | Got a heavily runed ivory ring
 21106 | Lair:6   | Identified the ring "Xiaram" {Dex+2 SInv} (You found it on level 6 of the Lair of Beasts)
 21166 | Lair:5   | Found a frozen archway.
 21195 | IceCv    | Entered an ice cave
 21206 | IceCv    | The Shining One protects you from harm!
 21496 | IceCv    | Found a transporter.
 21877 | IceCv    | Got an ancient scale mail
 21899 | IceCv    | Identified the +5 scale mail "Emarushe" {Int+3} (You found it in an ice cave)
 23889 | Orc:1    | Entered Level 1 of the Orcish Mines
 23928 | Orc:1    | Found an iron altar of Okawaru.
 24028 | Orc:1    | Noticed Fannar
 24033 | Orc:1    | Killed Fannar
 24410 | Orc:2    | Entered Level 2 of the Orcish Mines
 24411 | Orc:2    | Found Fiugoo's Antique Weapon Shop.
 25119 | Orc:2    | Found Dock's Book Shop.
 25208 | Orc:2    | Found a roughly hewn altar of Beogh.
 25228 | Orc:2    | Found Bisirr's General Store.
 25232 | Orc:2    | Found Heaskani's Armour Shoppe.
 25669 | Orc:2    | Found Yreduov's Distillery.
 25772 | Orc:2    | Found a staircase to the Elven Halls.
 25863 | Orc:2    | Found Cehopp's Antique Armour Emporium.
 26174 | Shoals:1 | Entered Level 1 of the Shoals
 26180 | Shoals:1 | Reached skill level 15 in Maces & Flails
 27659 | Shoals:2 | Noticed a kraken
 27701 | Shoals:2 | Killed a kraken
 28028 | Shoals:2 | Reached XP level 17. HP: 108/108 MP: 25/25
 28342 | Shoals:3 | Found Zumuniupn's Assorted Antiques.
 28996 | Shoals:3 | Noticed a kraken
 29016 | Shoals:3 | Killed a kraken
 29311 | Shoals:4 | Entered Level 4 of the Shoals
 29511 | Shoals:4 | Found a bloodstained altar of Trog.
 29518 | Shoals:4 | Reached skill level 10 in Evocations
 29637 | Shoals:4 | Noticed Nikola
 29658 | Shoals:4 | Killed Nikola
 29840 | Shoals:4 | Noticed Ilsuiw
 29842 | Shoals:4 | Identified the ring "Nicon" {rElec rC+ EV+3 Str+3} (You found it on level 4 of the Shoals)
 29864 | Shoals:4 | Killed Ilsuiw
 29888 | Shoals:4 | Noticed Louise
 29917 | Shoals:4 | Killed Louise
 30103 | Shoals:4 | Reached skill level 10 in Dodging
 30153 | Shoals:4 | Reached skill level 16 in Maces & Flails
 30800 | Shoals:4 | Reached XP level 18. HP: 95/114 MP: 27/27
 30889 | Shoals:4 | Got a barnacled rune of Zot
 31589 | Spider:1 | Entered Level 1 of the Spider Nest
 31866 | Spider:1 | HP: 3/114 [wolf spider (7)]
 33642 | Spider:3 | Noticed fooot's ghost (adept CeHu)
 34970 | Spider:3 | Killed fooot's ghost
 35177 | Spider:3 | Noticed Donald
 35208 | Spider:3 | Killed Donald
 35363 | Spider:3 | Reached XP level 19. HP: 101/120 MP: 28/28
 35401 | Spider:3 | Reached skill level 17 in Maces & Flails
 35550 | Spider:3 | Noticed Azrael
 35916 | Spider:3 | Killed Azrael
 36196 | Spider:4 | Entered Level 4 of the Spider Nest
 37795 | Spider:4 | Got a gossamer rune of Zot
 38151 | Vaults:1 | Entered Level 1 of the Vaults
 39046 | Vaults:1 | Paralysed by an ogre mage for 5 turns
 39051 | Vaults:1 | Noticed Asterion
 39079 | Vaults:1 | Killed Asterion
 39722 | Vaults:1 | Reached XP level 20. HP: 125/127 MP: 30/30
 39898 | Vaults:1 | Found Esyori's Weapon Shoppe.
 40325 | Vaults:2 | Found a staircase to the Crypt.
 40341 | Vaults:2 | Reached skill level 18 in Maces & Flails
 40742 | Vaults:2 | Noticed Mennas
 40798 | Vaults:2 | Killed Mennas
 41315 | Vaults:2 | Noticed Boris
 41347 | Vaults:2 | HP: 2/128 [Boris/iron shot (32)]
 41347 | Vaults:2 | Killed Boris
 41938 | Vaults:2 | Found Elaom's Book Shoppe.
 42936 | Vaults:3 | Found Hekareza's Assorted Antiques.
 42970 | Vaults:3 | Reached XP level 21. HP: 89/132 MP: 31/31
 42979 | Vaults:3 | Reached skill level 15 in Armour
 44769 | Vaults:4 | Found Cuenerph's Assorted Antiques.
 44823 | Vaults:4 | Found Duacretz's Armour Shoppe.
 44873 | Vaults:4 | Reached skill level 15 in Fighting
 45259 | Vaults:4 | Found Cysmike's Assorted Antiques.
 45265 | Vaults:4 | Bought a potion of curing for 117 gold pieces
 45265 | Vaults:4 | Bought a potion of heal wounds for 195 gold pieces
 45378 | Vaults:5 | Entered Level 5 of the Vaults
 45417 | Vaults:4 | Reached skill level 19 in Maces & Flails
 45971 | Vaults:5 | Reached skill level 15 in Invocations
 46603 | Vaults:4 | Upgraded the game from 0.21-a0-229-g3587535 to 0.21-a0-251-g5e8393f
 47021 | Elf:1    | Entered Level 1 of the Elven Halls
 47043 | Elf:1    | Reached XP level 22. HP: 140/140 MP: 33/33
 47168 | Elf:1    | Noticed Agnes
 47183 | Elf:1    | Killed Agnes
 47188 | Elf:1    | Noticed Kirke
 47199 | Elf:1    | Killed Kirke
 47634 | Elf:1    | Found Cumiod's Jewellery Shoppe.
 47835 | Elf:1    | Found Unom's Antique Weapon Boutique.
 48163 | Elf:1    | Found Hubaniess's Assorted Antiques.
 48424 | Elf:2    | Found a runed gate.
 48427 | Elf:2    | Found a runed gate.
 48428 | Elf:2    | Found a runed gate.
 48494 | Elf:2    | Found a flickering gateway to a bazaar.
 48506 | Bazaar   | Entered a bazaar
 48520 | Bazaar   | Found Uhoot's Distillery.
 48531 | Bazaar   | Found Diuruint's Gadget Shoppe.
 48551 | Bazaar   | Found Venitaaha's Gadget Shoppe.
 48571 | Bazaar   | Found Tasch's Distillery.
 48645 | Bazaar   | Bought a potion of curing for 57 gold pieces
 48645 | Bazaar   | Bought a potion of curing for 57 gold pieces
 48645 | Bazaar   | Bought a potion of might for 76 gold pieces
 48675 | Bazaar   | Bought a potion of curing for 33 gold pieces
 48675 | Bazaar   | Bought 2 potions of curing for 66 gold pieces
 48675 | Bazaar   | Bought a potion of heal wounds for 55 gold pieces
 48675 | Bazaar   | Bought a potion of curing for 33 gold pieces
 49417 | Elf:2    | Noticed Aizul
 49433 | Elf:2    | Killed Aizul
 49774 | Elf:3    | Entered Level 3 of the Elven Halls
 50303 | Elf:3    | Cast into level 3 of the Abyss (a deep elf demonologist)
 50365 | Abyss:3  | Reached skill level 20 in Maces & Flails
 50869 | Abyss:4  | Reached XP level 23. HP: 104/147 MP: 31/31
 51041 | Abyss:4  | Gained mutation: You are dopey. (Int -2) [a neqoxec]
 51142 | Abyss:4  | Gained mutation: Scrolls take you a little longer to read. [a neqoxec]
 51228 | Abyss:4  | Gained mutation: Your body sometimes deteriorates upon taking damage. [a neqoxec]
 51232 | Abyss:4  | Lost mutation: You are dopey. (Int -2) [a neqoxec]
 51235 | Abyss:4  | Gained mutation: You do not regenerate when monsters are visible. [a neqoxec]
 51241 | Abyss:4  | Paralysed by accursed screaming for 1 turns
 51398 | Abyss:4  | Paralysed by accursed screaming for 1 turns
 51553 | Abyss:4  | Paralysed by you for 3 turns
 51741 | Abyss:5  | Entered Level 5 of the Abyss
 51970 | Abyss:5  | Reached XP level 24. HP: 135/154 MP: 25/35
 51970 | Abyss:5  | Gained mutation: You occasionally shout uncontrollably at your foes. [a neqoxec]
 51973 | Abyss:5  | Gained mutation: Potions are less effective at restoring your health. [a neqoxec]
 51977 | Abyss:5  | Gained mutation: Your magical capacity is low. (-10% MP) [a neqoxec]
 52003 | Abyss:5  | Paralysed by you for 5 turns
 52021 | Abyss:5  | Reached skill level 21 in Maces & Flails
 52069 | Abyss:5  | Paralysed by an apocalypse crab for 2 turns
 52390 | Elf:3    | Escaped the Abyss
 52807 | Elf:3    | Got a steaming bronze ring
 52811 | Elf:3    | Identified a +2 sacred scourge of holy wrath (a +0 demon whip blessed by the Shining One)
 52811 | Elf:3    | Received a gift from the Shining One
 52897 | Elf:3    | Identified the ring "Curoero" {Int+3 Stlth+} (You took it off a deep elf elementalist on level 3 of the Elven Halls)
 52907 | Elf:3    | Got a brightly glowing lapis lazuli ring
 52909 | Elf:3    | Identified the ring of Mihyguwe {+Blink rElec rC- rN++ Dex+6} (You took it off a deep elf sorcerer on level 3 of the Elven Halls)
 53021 | Elf:3    | Identified the Almanac of Congealing Earth
 53031 | Elf:3    | Identified the Catalogue of Flying Calling
 53941 | Vaults:5 | HP: 7/156 [war gargoyle/spray of metal splinters (4)]
 53943 | Vaults:5 | Killed from afar by a titan

Vault maps used:
D:1:      dpeg_arrival_more_subterranean_lakeside_camping
D:2:      first_bread
D:3:      portal_sewer_entry_c, uniq_robin, uniq_natasha
D:5:      tso_metal_star, serial_shops, shop
D:6:      serial_shops, shop
D:7:      minmay_temple_entry_glassed_door, uniq_joseph
D:8:      grunt_lair_entry_orc_guard_hut
D:9:      uniq_maurice
D:10:     david_orc_5, serial_undead, serial_undead_e, serial_undead_d,
          serial_undead_d, serial_undead_e, serial_undead_f, serial_undead_d,
          serial_undead_b
D:11:     hangedman_decor_lopped, uniq_erica
D:12:     kennysheep_four_of_diamonds, nicolae_trove_entry_crystal,
          hangedman_pestilent_swarm, uniq_josephine
D:13:     basic_altar
D:14:     hangedman_vaults_entry_quadrant_bands, lemuel_blue_sif_altar
D:15:     grunt_enter_depths_magical_seal, stair_cage_line
Temple:   kilobyte_greek_temple
Lair:1:   beast_lair_carwin_9
Lair:2:   minmay_guarded_unrand_snakebite, elwin_shoals_entry_rocks,
          roderic_batcave, grunt_forest_small_clearings, uniq_nergalle
Lair:3:   nicolae_spider_entry_tight_spaces, lemuel_old_faithful
Lair:4:   nicolae_volcano_entry_vermiform, serial_bayou_pond_a
Lair:5:   portal_ice_cave_entry_ice_beasts, serial_bayou_pond_d
Lair:6:   grunt_lair_end_beastmaster, slime_altar_2
Shoals:3: serial_shops, shop
Shoals:4: shoals_end_simple, shoals_ilsuiw_ice, lemuel_centaur_altar,
          uniq_nikola, uniq_louise
Spider:1: nicolae_crawler_farm
Spider:2: nicolae_spider_mines_3, spider_trap, nicolae_spider_cling_halls
Spider:3: guppyfry_spider_mini_2, uniq_azrael, uniq_donald
Spider:4: spider_rune_water, spider_trap
Orc:1:    okawaru_metal_pillars_1_2, uniq_fannar
Orc:2:    grunt_orc_gardens, grunt_orc_garden, grunt_orc_garden,
          grunt_orc_garden, grunt_orc_garden, serial_shops, shop_fountains,
          shop, basic_altar
Elf:1:    eino_elf_arrival_the_gate, serial_shops, shop, shop_statue,
          nicolae_shop_statue_plus, hangedman_elf_represent, uniq_agnes,
          uniq_kirke
Elf:2:    serial_shops, bzr_firewalk, minivault_28, uniq_aizul
Elf:3:    elf_hall
Vaults:1: vaults_room_grunt_arrival_ludios, vaults_mumra_hexcomb,
          dpeg_vaults_monster_box, vaults_room_hallway, hangedman_vaults_snaps,
          nicolae_vaults_network_s, dpeg_vaults_monster_row,
          ontoclasm_vaults_ring_small, uniq_asterion
Vaults:2: vaults_mumra_chevron, ontoclasm_vaults_gateway, vaults_room_boxed,
          nicolae_vaults_ring_of_whatevers, vaults_room_pool,
          nicolae_vaults_network_barrier, nicolae_vaults_sealed_display,
          nicolae_vaults_angled_halls, nicolae_vaults_little_squares_4,
          vaults_standard_mumra_enter_the_diamond,
          nicolae_vaults_yaktaur_gun_rack, grunt_vaults_hallway_long,
          nicolae_vaults_little_squares_1, minmay_crypt_entry_simple_plaza,
          serial_ice_h, serial_shops, shop, uniq_mennas, uniq_boris
Vaults:3: grunt_vaults_funnel, hangedman_vaults_stagger, st_cross, v_misc_33,
          v_alt_pattern_1, vaults_room_stairs_pillars, vaults_room_corners,
          serial_shops, shop
Vaults:4: nicolae_vaults_ring_of_whatevers, nicolae_vaults_three_branches,
          hangedman_vaults_locks, nicolae_vaults_back_hallway, v_misc_23,
          nicolae_vaults_specimen_jars, vaults_room_door_hall,
          ontoclasm_vaults_pinch, ontoclasm_vaults_chip,
          nicolae_vaults_alarming, serial_shops, shop, nicolae_shop_trees,
          shop_fountains
Abyss:3:  hangedman_abyss_or_decor_passed, hangedman_abyss_stitches_cave,
          hangedman_abyss_or_decor_lesser_grid,
          evilmike_abyss_rune_elephants_shrine, minivault_27, minivault_19
Abyss:4:  doesnt_abyss_rune_brain_food, minivault_4
Abyss:5:  evilmike_abyss_exit_4,
          evilmike_nicolae_abyss_rune_betentacled_crabyss,
          evilmike_abyss_exit_15
Bazaar:   dpeg_bazaar_wands
Sewer:    sewer_kobolds
IceCv:    ice_cave_statue_garden_teleport
Volcano:  volcano_grotto

Skill      XL: |  1  2  3  4  5  6  7  8  9 10 11 12 13 14 15 16 17 18 19 20 21 22 23 24 |
---------------+-------------------------------------------------------------------------+-----
Dodging        | 1 2 3 4 5 6 7 8 9 10 11 12 13 | 13.6
Maces & Flails | 3 4 5 6 7 8 9 11 12 13 14 15 16 17 18 19 20 21 | 21.4
Armour         | 4 5 6 7 8 9 10 11 12 13 14 15 16 17 | 17.3
Fighting       | 4 5 6 7 8 9 10 11 12 13 14 15 16 17 | 17.2
Shields        | 4 5 6 7 8 9 10 11 12 13 14 | 14.1
Invocations    | 1 2 3 5 6 7 8 9 10 11 12 13 14 15 16 | 16.7
Evocations     | 1 2 3 4 5 6 7 8 9 10 11 12 13 14 | 14.2

Action                   |  1- 3 |  4- 6 |  7- 9 | 10-12 | 13-15 | 16-18 | 19-21 | 22-24 || total
-------------------------+-------+-------+-------+-------+-------+-------+-------+-------++-------
Melee: Flail             |   135 |   291 |   425 |   890 |   452 |       |       |       ||  2193
       Morningstar       |       |       |     6 |       |       |       |       |       ||     6
       Great mace        |       |       |       |       |   658 |   253 |  1064 |  1259 ||  3234
       Whip              |       |       |       |       |   159 |  1937 |   623 |       ||  2719
       Unarmed           |       |       |       |       |       |       |       |     6 ||     6
       Sacred scourge    |       |       |       |       |       |       |       |   130 ||   130
Invok: Cleansing Flame   |       |       |       |     3 |    11 |    10 |     5 |    24 ||    53
       Summon Divine War |       |       |       |       |       |       |    13 |     8 ||    21
       Brand Weapon With |       |       |       |       |       |       |       |     1 ||     1
 Abil: Fly               |       |       |       |       |     1 |       |       |       ||     1
       Evoke Blink       |       |       |       |       |       |       |       |     2 ||     2
Evoke: Wand              |       |       |       |       |       |       |     7 |     1 ||     8
       Phial of floods   |       |       |       |       |       |       |       |     5 ||     5
       Lamp of fire      |       |       |       |       |       |       |       |     1 ||     1
  Use: Scroll            |       |     2 |     6 |       |    18 |    12 |    17 |    14 ||    69
       Potion            |       |       |       |    12 |     5 |    15 |     6 |    13 ||    51
  Eat: Chunk             |     1 |     6 |    13 |    15 |    32 |    19 |    28 |    13 ||   127
       Meat ration       |       |       |       |       |     1 |     6 |     3 |     1 ||    11
       Fruit             |       |       |       |       |       |       |       |     4 ||     4
       Royal jelly       |       |       |       |       |       |       |       |     2 ||     2
       Bread ration      |       |       |       |       |       |       |       |     1 ||     1
Armor: Scale mail        |    93 |   199 |   192 |    10 |       |   659 |   588 |       ||  1741
       Plate armour      |       |       |       |   553 |   913 |    78 |   269 |   733 ||  2546
       Skin              |       |       |       |       |       |       |       |     9 ||     9
Dodge: Dodged            |    59 |   147 |   148 |   313 |   750 |  1051 |  1450 |   967 ||  4885
Block: Shield            |    79 |   227 |   257 |   613 |   255 |   392 |   282 |    81 ||  2186
       Large shield      |       |       |       |       |       |  1046 |   250 |       ||  1296
       Reflection        |       |       |       |       |       |       |       |     6 ||     6

Table legend:
 A = Spawn XP
 B = Non-spawn XP
 C = Spawn XP percentage of total XP
 D = Spawn monster count
 E = Non-spawn monster count
 F = Spawn count percentage of total count
 G = Total turns spent on level
                    A         B        C        D         E        F      G
               +---------+---------+-------+---------+---------+-------+---------
         Total |  223110 |  697884 |  24.2 |     483 |    1748 |  21.6 | 53943
               +---------+---------+-------+---------+---------+-------+---------
           D:1 |       4 |      57 |   6.6 |       2 |      27 |   6.9 |   856
           D:2 |       1 |      39 |   2.5 |       1 |      24 |   4.0 |   505
           D:3 |       3 |     260 |   1.1 |       2 |      37 |   5.1 |  1008
           D:4 |     120 |     394 |  23.3 |       5 |      24 |  17.2 |  1160
           D:5 |       5 |     392 |   1.3 |       1 |      10 |   9.1 |   782
           D:6 |     232 |     544 |  29.9 |      10 |       9 |  52.6 |   827
           D:7 |     261 |    1707 |  13.3 |       2 |      34 |   5.6 |   761
           D:8 |     375 |    1123 |  25.0 |       8 |      11 |  42.1 |   897
           D:9 |      45 |    2650 |   1.7 |       4 |      39 |   9.3 |   839
          D:10 |      98 |    5242 |   1.8 |       2 |      55 |   3.5 |  1188
          D:11 |     607 |    6639 |   8.4 |      12 |      25 |  32.4 |  1243
          D:12 |    3104 |   18249 |  14.5 |      15 |      78 |  16.1 |  2651
          D:13 |     798 |    6637 |  10.7 |       4 |      47 |   7.8 |  1310
          D:14 |    1632 |   15393 |   9.6 |       4 |      47 |   7.8 |  1679
          D:15 |    1165 |   13497 |   7.9 |       7 |      38 |  15.6 |  1163
        Lair:1 |     560 |    2733 |  17.0 |       5 |      15 |  25.0 |   868
        Lair:2 |    2026 |    4669 |  30.3 |      11 |      39 |  22.0 |  1017
        Lair:3 |    1609 |    8948 |  15.2 |       4 |      23 |  14.8 |   987
        Lair:4 |     425 |    4781 |   8.2 |       1 |      15 |   6.2 |   763
        Lair:5 |     403 |    7835 |   4.9 |       1 |      32 |   3.0 |  1120
        Lair:6 |     142 |   23085 |   0.6 |       1 |      52 |   1.9 |  1046
      Shoals:1 |     667 |   10406 |   6.0 |       2 |      23 |   8.0 |  1010
      Shoals:2 |     736 |   10698 |   6.4 |       1 |      18 |   5.3 |  1114
      Shoals:3 |    1682 |   10644 |  13.6 |       5 |      22 |  18.5 |  1073
      Shoals:4 |    4393 |   52187 |   7.8 |       8 |      84 |   8.7 |  2154
      Spider:1 |    1556 |   20221 |   7.1 |       7 |      58 |  10.8 |  1194
      Spider:2 |    2661 |   16546 |  13.9 |       5 |      46 |   9.8 |  2248
      Spider:3 |    1150 |   32206 |   3.4 |       4 |      80 |   4.8 |  1232
      Spider:4 |    1691 |   33936 |   4.7 |       1 |      69 |   1.4 |  1666
         Orc:1 |     178 |    2325 |   7.1 |       1 |      32 |   3.0 |  1147
         Orc:2 |     249 |   11908 |   2.0 |       7 |      60 |  10.4 |  1140
         Elf:1 |    6330 |   27415 |  18.8 |      10 |      41 |  19.6 |  1332
         Elf:2 |    1134 |   37841 |   2.9 |       2 |      50 |   3.8 |  1295
         Elf:3 |    6143 |   42340 |  12.7 |       9 |      37 |  19.6 |  1600
      Vaults:1 |    6486 |   46357 |  12.3 |      19 |      83 |  18.6 |  2124
      Vaults:2 |   16601 |   48174 |  25.6 |      34 |      64 |  34.7 |  2563
      Vaults:3 |     758 |   24102 |   3.0 |       1 |      47 |   2.1 |  1269
      Vaults:4 |   14733 |   56242 |  20.8 |      27 |      75 |  26.5 |  2815
      Vaults:5 |       0 |   31513 |   0.0 |       0 |      26 |   0.0 |   127
       Abyss:3 |    2033 |    2003 |  50.4 |       3 |       4 |  42.9 |   103
       Abyss:4 |   86778 |   28921 |  75.0 |     149 |      76 |  66.2 |  1335
       Abyss:5 |   53536 |   19101 |  73.7 |      86 |      28 |  75.4 |   649
         Sewer |       0 |     145 |   0.0 |       0 |      12 |   0.0 |   229
         IceCv |       0 |    2818 |   0.0 |       0 |      10 |   0.0 |   959
       Volcano |       0 |    4961 |   0.0 |       0 |      22 |   0.0 |   486
               +---------+---------+-------+---------+---------+-------+---------
